 Dungeon Crawl Stone Soup version 0.23.2-1-ga50397a (webtiles) character file.

Game seed: 3907086199615172519

56 IBeShadow the Gusty (level 3, 0/20 HPs)
             Began as a Tengu Air Elementalist on May 15, 2019.
             Slain by a gnoll (8 damage)
             ... on level 1 of the Dungeon.
             The game lasted 00:03:39 (1720 turns).

IBeShadow the Gusty (Tengu Air Elementalist)        Turns: 1720, Time: 00:03:40

Health: 0/20       AC:  3    Str:  9    XL:     3   Next: 95%
Magic:  5/7        EV: 12    Int: 15    God:
Gold:   87         SH:  0    Dex: 14    Spells: 6/7 levels left

rFire    . . .     SeeInvis .   f - +1 whip (venom)
rCold    . . .     Gourm    .   (no shield)
rNeg     . . .     Faith    .   d - +0 leather armour
rPois    .         Spirit   .   (helmet restricted)
rElec    .         Reflect  .   (no cloak)
rCorr    .         Harm     .   (no gloves)
MR       +....                  (boots unavailable)
Stlth    ++........             (no amulet)
HPRegen  0.06/turn              l - ring of protection from magic
MPRegen  0.10/turn              (no ring)

@: no status effects
A: beak, talons 3
a: no special abilities


You were on level 1 of the Dungeon.
You were not hungry.

You visited 1 branch of the dungeon, and saw 2 of its levels.

You collected 87 gold pieces.

Inventory:

Hand Weapons
 f - a +1 whip of venom (weapon)
Armour
 a - a +0 robe
 d - a +0 leather armour (worn)
Jewellery
 l - a ring of protection from magic (left hand)
Scrolls
 b - a scroll of identify {unknown}
 g - a scroll of fog {unknown}
 h - a scroll of remove curse {unknown}
 i - a scroll of fear {unknown}
Potions
 k - a potion of cancellation {unknown}
Comestibles
 c - 4 rations


   Skills:
 + Level 1.5 Fighting
 - Level 2.1 Dodging
 - Level 2.0 Stealth
 + Level 2.5 Spellcasting
 + Level 2.6 Conjurations
 + Level 4.6 Air Magic


You had 6 spell levels left.
You knew the following spells:

 Your Spells              Type           Power        Failure   Level  Hunger
a - Shock                 Conj/Air       ##..         7%          1    #......

Your spell library contained the following spells:

 Spells                   Type           Power        Failure   Level  Hunger
 Swiftness                Chrm/Air       #.......     17%         2    ###....
 Static Discharge         Conj/Air       ##......     21%         3    ###....
 Airstrike                Air            ###.......   41%         4    #####..
 Lightning Bolt           Conj/Air       ##........   88%         5    ######.


Dungeon Overview and Level Annotations

Branches:
Dungeon (2/15)

Altars:


Innate Abilities, Weirdness & Mutations

You have a beak for a mouth.
You have claws for feet.


Message History

The gnoll hits you. The gnoll barely misses you.
There is a stone staircase leading up, spattered with blood here.
The gnoll hits you. The gnoll closely misses you.
You climb upwards.
There is a stone staircase leading down here.
Casting: Shock (safe; 7% risk of failure)
Confirm with . or Enter, or press ? or * to list all spells.
Aiming: Shock (safe; 7% risk of failure)
Press: ? - help, Shift-Dir - straight line The zap misses the gnoll. x2; The gnoll misses you.
Casting: Shock (safe; 7% risk of failure)
Confirm with . or Enter, or press ? or * to list all spells.
Aiming: Shock (safe; 7% risk of failure)
Press: ? - help, Shift-Dir - straight line The zap hits the gnoll.
The gnoll is lightly wounded.
The zap hits the gnoll.
The gnoll is moderately wounded.
The gnoll hits you!
You die...

##.......# ##......#
##.......# #......#######
.)..###.## ##...........#
....# #.######.....#####.#
....# #......#...### #.#
....# ######.#...# #.#
....#######....#.##### #÷#
...............#.....# #.#
####...........#@.##.###.#
..............>g..#....†.#
####..........##....#..#.#
#........####.....#...#
########.# #...#..#..# #.#
##...#..#.# #)# #....#...#
#.# #..#..#..# #.###
##..#..#.#


You could see a gnoll.

Vanquished Creatures
  2 adders (D:2)
  A leopard gecko (D:2)
  7 bats
  A giant cockroach (D:1)
  4 goblins
  7 hobgoblins
  5 kobolds
  4 frilled lizards
  A rat (D:2)
32 creatures vanquished.

Notes
Turn   | Place    | Note
-------+----------+-------------------------------------------
     0 | D:1      | IBeShadow the Tengu Air Elementalist began the quest for
                  | the Orb.
     0 | D:1      | Reached XP level 1. HP: 10/10 MP: 4/4
   144 | D:1      | Reached XP level 2. HP: 10/16 MP: 1/6
   592 | D:1      | Reached skill level 1 in Fighting
   727 | D:1      | Reached XP level 3. HP: 10/20 MP: 4/7
  1720 | D:1      | Slain by a gnoll

Skill      XL: |  1  2 |
---------------+-------+-----
Conjurations   | 2 |  2.6
Fighting       | 1 |  1.5
Dodging        | |  2.1
Stealth        | |  2.0
Spellcasting   | |  2.5
Air Magic      | |  4.6

Action                   || total
-------------------------++-------
Melee: Unarmed           ||     4
       Club              ||    30
       Kick              ||     9
       Peck              ||     3
       Whip              ||    15
 Cast: Shock             ||    26
  Use: Potion            ||     1
 Stab: Sleeping          ||     1
  Eat: Chunk             ||     3
Armor: Robe              ||     1
       Leather armour    ||    27
Dodge: Dodged            ||    63
